 Dungeon Crawl Stone Soup version 0.28.0-47-ge53b351184 (webtiles) character file.

Game seed: 11744173577520734199

33 pkoi the Stinger (level 3, 0/26 HPs)
             Began as a Demigod Venom Mage on May 1, 2022.
             Succumbed to an adder's poison
             ... on level 2 of the Dungeon.
             The game lasted 00:01:38 (1688 turns).

pkoi the Stinger (Demigod Venom Mage)               Turns: 1688, Time: 00:01:39

Health: 0/26       AC:  2    Str:  9    XL:     3   Next: 0%
Magic:  2/8        EV: 12    Int: 21    God:
Gold:   18         SH:  0    Dex: 14    Spells: 4/5 levels left

rFire   + . .      SeeInvis .   f - +0 long sword
rCold   + . .      Faith    .   (no shield)
rNeg    . . .      Spirit   .   a - +0 robe
rPois   +          Reflect  .   (no helmet)
rElec   +          Harm     .   (no cloak)
rCorr   +          Rampage  .   (no gloves)
Will    .....                   (no boots)
Stlth   ++........              (no amulet)
HPRegen 0.08/turn               (no ring)
MPRegen 0.11/turn               (no ring)

@: lethally poisoned (0 -> -1), resistant, very slightly contaminated, hasted,
very quick
A: high MP 1, forlorn, divine attributes
a: no special abilities


You were on level 2 of the Dungeon.
You visited 1 branch of the dungeon, and saw 2 of its levels.

You collected 18 gold pieces.

Inventory:

Hand Weapons
 f - a +0 long sword (weapon)
Missiles
 g - 5 javelins
Armour
 a - a +0 robe (worn)
Scrolls
 b - a scroll of summoning {unknown}
 e - 2 scrolls of fog {unknown}
 h - a scroll of blinking {unknown}


   Skills:
 - Level 1.7 Dodging
 - Level 1.7 Stealth
 - Level 1.7 Spellcasting
 - Level 0.8 Transmutations
 + Level 3.9 Poison Magic


You had 4 spell levels left.
You knew the following spells:

 Your Spells              Type           Power      Damage    Failure   Level
a - Sting                 Tmut/Pois      44%        1d5       5%          1

Your spell library contained the following spells:

 Spells                   Type           Power      Damage    Failure   Level
 Poisonous Vapours        Pois/Air       20%        N/A       11%         2
 Mephitic Cloud           Conj/Pois/Air  7%         N/A       26%         3
 Olgreb's Toxic Radiance  Pois           18%        N/A       30%         4


Dungeon Overview and Level Annotations

Branches:
Dungeon (2/15)

Shops:
D:1 :*


Innate Abilities, Weirdness & Mutations

You have an increased reservoir of magic. (+10% MP)
You shall have no god before yourself.
Your divine heritage dramatically boosts your attributes as you level up.


Message History

You are poisoned.
The adder poisons you! The adder bites you.
* * * LOW HITPOINT WARNING * * *
You are lethally poisoned!
The adder poisons you!
You miss the adder.
The adder is severely wounded.
* * * LOW HITPOINT WARNING * * *
You feel very sick. The adder closely misses you.
You hit the adder.
You kill the adder!
* * * LOW HITPOINT WARNING * * *
You feel sick.
You have reached level 3!
Your experience leads to a dramatic increase in your attributes!
Increase (S)trength, (I)ntelligence, or (D)exterity?
You feel clever. x4
There is a lethal amount of poison in your body!
There is a lethal amount of poison in your body!
There is a lethal amount of poison in your body!
There is a lethal amount of poison in your body!
There is a lethal amount of poison in your body!
It was a potion of resistance.
You feel protected.
* * * LOW HITPOINT WARNING * * *
You feel sick.
It was a potion of haste.
You feel yourself speed up.
* * * LOW HITPOINT WARNING * * *
You feel sick.
There is a lethal amount of poison in your body!
There is a lethal amount of poison in your body!
There is a lethal amount of poison in your body!
* * * LOW HITPOINT WARNING * * *
You feel sick.
* * * LOW HITPOINT WARNING * * *
You feel sick.
* * * LOW HITPOINT WARNING * * *
You feel sick.
You die...

#......#
#########......###
........'......'.#
#########......#.#
#......#.#
#......#.#
########.# #.# #@#
#.# #.# #.# #.#
#.# #.. #.#


There were no monsters in sight!

Vanquished Creatures
  An adder (D:2)
  2 endoplasms
  2 goblins (D:1)
  3 hobgoblins (D:1)
  4 kobolds (D:1)
  7 ball pythons
  3 bats (D:1)
  2 frilled lizards
24 creatures vanquished.

Notes
Turn   | Place    | Note
-------+----------+-------------------------------------------
     0 | D:1      | pkoi the Demigod Venom Mage began the quest for the Orb.
     0 | D:1      | Reached XP level 1. HP: 14/14 MP: 5/5
   349 | D:1      | Reached skill level 3 in Poison Magic
   857 | D:1      | Reached XP level 2. HP: 20/20 MP: 5/7
   898 | D:1      | Found Xaopnesch's Assorted Antiques.
  1406 | D:1      | Found Mobb's Book Shoppe.
  1682 | D:2      | Reached XP level 3. HP: 5/26 MP: 1/8
  1687 | D:2      | HP: 1/26 [poisoned by an adder]
  1688 | D:2      | Succumbed to an adder's poison

Illustrated notes

Levels and vault maps discovered:
D:1:      dpeg_arrival_stone_temple_mockup, layout_loops_ring,
          shapermc_ecumenical_altar_hornbeckon, serial_shops,
          nicolae_square_shop, shop, serial_bayou_pond_a
D:2:      layout_basic

Skill      XL: |  1 |
---------------+----+-----
Poison Magic   | 3 |  3.9
Dodging        | |  1.7
Stealth        | |  1.7
Spellcasting   | |  1.7
Transmutations | |  0.8

Action                   || total
-------------------------++-------
Melee: Long sword        ||     8
       Unarmed           ||     1
 Cast: Sting             ||    43
  Use: Potion            ||     2
Armor: Robe              ||     5
Dodge: Dodged            ||    17
